 Dungeon Crawl Stone Soup version 0.25.0-10-g039870ee82 (webtiles) character file.

Game seed: 17187772658183777571

27 Aviak the Digger (level 3, 0/24 (28) HPs)
             Began as a Ghoul Earth Elementalist on June 23, 2020.
             Slain by a gnoll
             ... wielding a +0 spear
              (10 damage)
             ... on level 1 of the Dungeon.
             The game lasted 00:00:46 (1035 turns).

Aviak the Digger (Ghoul Earth Elementalist)         Turns: 1035, Time: 00:00:46

HP:   0/24 (28)     AC:  2    Str: 12    XL:     3   Next: 10%
MP:   4/4           EV: 12    Int: 10    God:
Gold: 43            SH:  0    Dex:  9    Spells: 4/5 levels left

rFire    . . .     SeeInvis .     - Unarmed
rCold    + . .     Gourm    .   (no shield)
rNeg     + + +     Faith    .   c - +0 robe
rPois    ∞         Spirit   .   (no helmet)
rElec    .         Reflect  .   (no cloak)
rCorr    .         Harm     .   (no gloves)
MR       .....                  (no boots)
Stlth    ++........             (no amulet)
HPRegen  0.00/turn              (no ring)
MPRegen  0.09/turn              (no ring)

@: rotting
A: rotting body, claws 1, carnivore, cold resistance 1, negative energy
resistance 3, inhibited regeneration, torment resistance, unbreathing
a: no special abilities


You were on level 1 of the Dungeon.
You were not hungry.

You visited 1 branch of the dungeon, and saw 1 of its levels.

You collected 43 gold pieces.

Inventory:

Missiles
 b - 48 stones (quivered)
Armour
 c - a +0 robe (worn)
Scrolls
 a - a scroll of immolation {unknown}
 e - 2 scrolls of teleportation {unknown}
 f - a scroll of identify {unknown}
 g - a scroll of amnesia {unknown}
Comestibles
 d - 4 rations


   Skills:
 + Level 1.5 Fighting
 + Level 2.3 Dodging
 - Level 2.1 Stealth
 + Level 1.4 Unarmed Combat
 - Level 1.7 Spellcasting
   Level 0.8 Transmutations
 - Level 3.2 Earth Magic


You had 4 spell levels left.
You knew the following spells:

 Your Spells              Type           Power        Failure   Level  Hunger
a - Sandblast             Erth           #.....       9%          1    ##.....

Your spell library contained the following spells:

 Spells                   Type           Power        Failure   Level  Hunger
 Passwall                 Tmut/Erth      #.......     21%         2    ###....
 Stone Arrow              Conj/Erth      #.....       43%         3    ####...
 Petrify                  Tmut/Erth      #.......     80%         4    #####..
 Lee's Rapid Deconstruct  Erth           #.........   93%         5    ######.


Dungeon Overview and Level Annotations

Branches:
Dungeon (1/15)

Altars:


Innate Abilities, Weirdness & Mutations

Your body is rotting away.
You thrive on raw meat.
You are immune to poison.
You have sharp fingernails.
You are carnivorous and can eat meat at any time.
Your flesh is cold resistant. (rC+)
You are immune to negative energy. (rN+++)
You do not regenerate when monsters are visible.
You are immune to unholy pain and torment.
You can survive without breathing.


Message History

The gnoll hits you from afar with a +0 spear.
The rat misses you.
You barely miss the rat.
The rat is severely wounded.
The rat barely misses you.
You closely miss the rat.
The rat is severely wounded.
The rat bites you but does no damage.
Items here: ) ††† a +0 dagger; a giant cockroach corpse; a goblin corpse; a kobold corpse You scratch the rat.
You kill the rat!
You scratch the frilled lizard.
You kill the frilled lizard!
You scratch the rat.
You kill the rat!
The gnoll hits you with a +0 spear.
You barely miss the gnoll. The gnoll barely misses you.
You barely miss the gnoll. The gnoll hits you with a +0 spear!
You die...

######....# #....
..........# #.###
######†...# #.# #
. #......# #.# #
.##
#.##.#.#######.#
# ..#
#.##.#.....)...#
# #.#
#.##.###########
# #.# #.##.# ##
#.# #@##.# #.
#######.####g##..
#.
#......g.r).K.###
...
..####K####†.#
##. #.## #..# #
#r.# #..# # ##.#
#..# #.##K# #..#
#....# #..#


You could see a gnoll and a kobold.

Vanquished Creatures
  A dart slug (D:1)
  2 leopard geckos (D:1)
  A ball python (D:1)
  A giant cockroach (D:1)
  6 goblins (D:1)
  A bat (D:1)
  5 frilled lizards (D:1)
  3 kobolds (D:1)
  4 rats (D:1)
24 creatures vanquished.

Notes
Turn   | Place    | Note
-------+----------+-------------------------------------------
     0 | D:1      | Aviak the Ghoul Earth Elementalist began the quest for the
                  | Orb.
     0 | D:1      | Reached XP level 1. HP: 14/14 MP: 2/2
   350 | D:1      | Reached XP level 2. HP: 19/22 MP: 3/3
   463 | D:1      | Reached skill level 1 in Fighting
   463 | D:1      | Reached skill level 1 in Unarmed Combat
   830 | D:1      | Reached XP level 3. HP: 12/25 MP: 4/4
  1035 | D:1      | Slain by a gnoll

Illustrated notes

Levels and vault maps discovered:
D:1:      kennysheep_arrival_seaside, layout_loops_ring

Skill      XL: |  1  2 |
---------------+-------+-----
Dodging        | 2 |  2.3
Fighting       | 1 |  1.5
Unarmed Combat | 1 |  1.4
Stealth        | |  2.1
Spellcasting   | |  1.7
Transmutations | |  0.8
Earth Magic    | |  3.2

Action                   || total
-------------------------++-------
Melee: Unarmed           ||    94
 Stab: Sleeping          ||     2
Armor: Robe              ||    18
Dodge: Dodged            ||    63
